 Dungeon Crawl Stone Soup version 0.32-a0-607-g64ea0e4219 (webtiles) character file.

Game seed: 9537763280750150685

1487 ytrimaz the Prestidigitator (level 8, -2/46 (52) HPs)
             Began as a Coglin Artificer on Mar 4, 2024.
             Slain by Edmund
             ... wielding a +4 flail of draining
              (3 damage)
             ... on level 5 of the Dungeon.
             The game lasted 00:06:35 (3893 turns).

ytrimaz the Prestidigitator (Coglin Artificer)      Turns: 3893, Time: 00:06:36

HP:   -2/46 (52)    AC:  8    Str: 15    XL:     8   Next: 80%
MP:   8/8           EV: 11    Int: 10    God:
Gold: 269           SH:  0    Dex: 18    Spells: 7/7 levels left

rFire   . . .        h - +2 war axe (elec) {Karolin}
rCold   . . .        n - +0 short sword (speed) {Simosihle}
rNeg    . . .        b - +0 leather armour
rPois   .            (helmet restricted)
rElec   .            l - +0 cloak
rCorr   .            m - +0 pair of fencer's gloves {Riposte Dex+3}
SInv    +            (no boots)
Will    .....        (amulet unavailable)
Stlth   ++           (ring unavailable)
HPRegen 0.27/turn    (ring unavailable)
MPRegen 0.11/turn    (no gizmo)

%: no passive effects
@: heavily drained, revved
A: off-hand wielding, slow wielding, warmup strikes, no jewellery, beak,
iridescent scales 1, see invisible, frail 1, shaggy fur 1
a: Invent Gizmo


You were on level 5 of the Dungeon.
You visited 2 branches of the dungeon, and saw 6 of its levels.

You collected 269 gold pieces.


Innate Abilities, Weirdness & Mutations

You can wield a second weapon in your off-hand.
It takes a long time for you to wield or remove held weapons.
Your first few attacks do less damage.
You cannot equip rings or amulets.
You have a beak for a mouth.
You are partially covered in iridescent scales. (AC +2)
You have supernaturally acute eyesight. (SInv)
You are frail. (-10% HP)
You are covered in fur. (AC +1)


   Skills:
 - Level 3.0 Fighting
 + Level 6.6 Axes
 - Level 3.0 Armour
 - Level 0.8 Dodging
 - Level 0.7 Stealth
 + Level 10.1 Evocations


You had 7 spell levels left.
You didn't know any spells.
Your spell library contained the following spells:

 Spells                   Type           Power      Damage    Failure   Level
 Kiss of Death            Conj/Necr      0%         2d5       43%         1
 Magic Dart               Conj           0%         1d3       43%         1
 Blink                    Tloc           0%         N/A       56%         2
 Call Imp                 Summ           0%         N/A       56%         2
 Ensorcelled Hibernation  Hex/Ice        0%         N/A       56%         2
 Lesser Beckoning         Tloc           0%         N/A       56%         2
 Confusing Touch          Hex            0%         N/A       80%         3
 Frozen Ramparts          Ice            0%         1d1       80%         3
 Gell's Gravitas          Tloc           0%         N/A       80%         3
 Inner Flame              Hex/Fire       0%         N/A       80%         3
 Passwall                 Erth           0%         N/A       80%         3
 Swiftness                Air            0%         N/A       80%         3
 Teleport Other           Tloc           0%         N/A       80%         3
 Dispel Undead            Necr           0%         3d6       99%         4
 Flame Wave               Conj/Fire      0%         2d4       99%         4
 Leda's Liquefaction      Alch/Erth      0%         N/A       99%         4
 Petrify                  Alch/Erth      0%         N/A       99%         4
 Sticky Flame             Fire/Alch      0%         2d4       99%         4
 Metabolic Englaciation   Hex/Ice        0%         N/A       100%        5

Inventory:

Hand Weapons
 a - a +0 club {Deepnoor}
 f - a +0 heavy dagger {Tenoch}
 h - a +2 war axe of electrocution (weapon) {Karolin}
   (You found it on level 2 of the Dungeon)
 n - a +0 short sword of speed (offhand) {Simosihle}
   (You found it on level 4 of the Dungeon)
Armour
 b - a +0 leather armour (worn)
 k - a +0 helmet
   (You found it on level 1 of the Dungeon)
 l - a +0 cloak (worn)
   (You found it on level 1 of the Dungeon)
 m - the +0 pair of fencer's gloves (worn) {Riposte Dex+3}
   (You acquired it on level 2 of the Dungeon)

   Riposte:   It allows the wearer to riposte with melee weapons, swiftly
   retaliating against missed or blocked melee attacks.
   Dex+3:     It affects your dexterity (+3).
Wands
 c - a wand of flame (35) (quivered)
 d - a wand of charming (15)
 e - a wand of iceblast (5)
Scrolls
 j - 2 scrolls of teleportation
 p - a scroll of enchant weapon
 q - a scroll of amnesia
 u - a scroll of fear {unknown}
 v - a scroll of revelation {unknown}
Potions
 g - a potion of brilliance
 i - 2 potions of curing
 o - a potion of invisibility {unknown}
 s - a potion of lignification {unknown}
 t - a potion of cancellation {unknown}

Dungeon Overview and Level Annotations

Branches:
Dungeon (5/15) Zot: 26059  Temple (1/1) D:4 Zot: 5998

Altars:
Ashenzari
Dithmenos
Fedhas
Gozag
Hepliaklqana
Kikubaaqudgha
Nemelex Xobeh
Ru
Zin
The Shining One

Shops:
D:2 [

Annotations:
D:5 Edmund

#....>...#
#.###....### #.#
###...†## ####'###
###...## ...(...#
##...## .......#
##...## .......#
##...###### ####'###
####........ # #.#
#...@....### ####.#
#...@)...# .....#
#....!...# ######
#.)......# ....#
#........# ##.##
#######........+
#.####....##........#
#.#<.'.)..##......?.#
#.####....#


You could see Edmund.


Message History

Edmund shouts!
The centaur wields a +0 orcbow.
The centaur shoots an arrow.
The arrow hits you! 😕 HP[-11]
You take 11 damage, and now have 41/52 hp.
MASSIVE DAMAGE!! (PAUSE)
The centaur shoots an arrow.
The arrow hits you!
Unknown command. 😮 HP[-9]
You take 9 damage, and now have 32/52 hp.
Unknown command.
The centaur unwields a +0 orcbow.
The centaur hits you.
The centaur closely misses you. 😮 HP[-2]
You take 2 damage, and now have 30/52 hp.
You hit the centaur with your +2 war axe of electrocution.
Your peck misses the centaur. You hit the centaur but do no damage.
The centaur barely misses you. The centaur closely misses you.
The centaur hits you.
* * * LOW HITPOINT WARNING * * *
The centaur kicks you but does no damage. 😨 HP[-5]
You take 5 damage, and now have 25/52 hp.
Unknown command.
You hit the centaur with your +2 war axe of electrocution.
You hit Edmund but do no damage. You hit the centaur but do no damage.
Edmund hits you with a +4 flail of draining.
* * * LOW HITPOINT WARNING * * *
You feel drained.
The centaur hits you but does no damage.
The centaur closely misses you.
You now have 51 max hp (-1).
You hit Edmund with your +2 war axe of electrocution.
You hit the centaur with your +2 war axe of electrocution.
Lightning courses through the centaur!
You kill the centaur!
You closely miss Edmund with your +0 short sword of speed.
Edmund gestures with his flail.
Edmund hits you with a +4 flail of draining.
* * * LOW HITPOINT WARNING * * *
You feel drained.
* * * LOW HITPOINT WARNING * * *
Your life force feels restored. 😨 HP[-4]
You now have 52 max hp (+1).
You take 4 damage, and now have 21/52 hp.
Unknown command.
You closely miss Edmund with your +0 short sword of speed.
You slash Edmund with your +2 war axe of electrocution!
Edmund hits you with a +4 flail of draining.
* * * LOW HITPOINT WARNING * * *
You feel drained.
* * * LOW HITPOINT WARNING * * *
😨 HP[-6]
You now have 51 max hp (-1).
You take 6 damage, and now have 15/51 hp.
You hit Edmund with your +0 short sword of speed.
You hit Edmund with your +2 war axe of electrocution.
Edmund hits you with a +4 flail of draining.
* * * LOW HITPOINT WARNING * * *
You feel drained. 😨 HP[-2]
You now have 49 max hp (-2).
Aiming: Throw Flame
Press: ? - help, Q - select action, (/) - cycle Shift-Dir - straight line, f - Edmund
Aim: Edmund, wielding a +4 flail of draining and wearing a +0 chain mail (heavily wounded, 84% to hit)
The puff of flame hits Edmund but does no damage.
Edmund asks, "Have you met my wondrous brother?"
Edmund hits you with a +4 flail of draining.
* * * LOW HITPOINT WARNING * * *
You feel drained. 😱 HP[-1]
You now have 48 max hp (-1).
You hit Edmund but do no damage.
You barely miss Edmund with your +2 war axe of electrocution.
Edmund barely misses you.
You hit Edmund with your +2 war axe of electrocution.
Lightning courses through Edmund!! You peck Edmund, but do no damage.
You barely miss Edmund with your +0 short sword of speed.
Edmund hits you with a +4 flail of draining.
* * * LOW HITPOINT WARNING * * *
You feel drained. 😱 HP[-1]
You now have 47 max hp (-1).
You hit Edmund but do no damage. x2
Edmund hits you with a +4 flail of draining!
* * * LOW HITPOINT WARNING * * *
You feel drained.
* * * LOW HITPOINT WARNING * * *
😱 HP[-10]
You now have 46 max hp (-1).
You take 10 damage, and now have 1/46 hp.
MASSIVE DAMAGE!! (PAUSE)
Aiming: Throw Flame
Press: ? - help, Q - select action, (/) - cycle Shift-Dir - straight line, f/p - Edmund
Aim: Edmund, wielding a +4 flail of draining and wearing a +0 chain mail (almost dead, 84% to hit)
The puff of flame hits Edmund but does no damage.
Edmund hits you with a +4 flail of draining.
You die...
Edmund whines, "They better pay attention to me now!"

Skill      XL: |  1  2  3  4  5  6  7  8 |
---------------+-------------------------+-----
Armour         | 2 3 |  3.0
Fighting       | 2 3 |  3.0
Evocations     | 5 7 8 10 | 10.1
Axes           | 1 2 3 5 6 |  6.6
Dodging        | |  0.8
Stealth        | |  0.7

Action                     |  1- 3 |  4- 6 |  7- 9 || total
---------------------------+-------+-------+-------++-------
  Melee: Club              |   112 |    23 |       ||   135
         Dagger            |   112 |    60 |       ||   172
         War axe           |       |    74 |    40 ||   114
         Peck              |       |    18 |    12 ||    30
         Short sword       |       |    30 |    37 ||    67
  Evoke: Wand              |       |       |     4 ||     4
    Use: Scroll            |     2 |     6 |       ||     8
         Potion            |       |     4 |     2 ||     6
   Stab: Sleeping          |       |     5 |     2 ||     7
 Armour: Leather armour    |    85 |    79 |    42 ||   206
  Dodge: Dodged            |    74 |    78 |    21 ||   173
Riposte: War axe           |       |    17 |     7 ||    24
         Dagger            |       |    12 |       ||    12
         Short sword       |       |     2 |     6 ||     8

Levels and vault maps discovered:
D:1:      lemuel_arrival_river_ford, layout_loops_cross,
          dreamdust_ecumenical_altar_drowned_temple
D:2:      minmay_door_path, layout_loops_ring, basic_altar, serial_shops, shop,
          minmay_indecisive_spiral
D:3:      layout_basic, nicolae_concentric_dashed_squares_wild, uniq_ijyb
D:4:      layout_rooms, tso_metal_star, minmay_temple_entry_statues
D:5:      layout_basic, chequers_serial_rivers_micro_c, uniq_edmund
Temple:   nicolae_temple_ecumenical_triangle

Notes
Turn   | Place    | Note
-------+----------+-------------------------------------------
     0 | D:1      | ytrimaz the Coglin Artificer began the quest for the Orb.
     0 | D:1      | Reached XP level 1. HP: 15/15 MP: 1/1
     0 | D:1      | magus.rc [v1.9.6]
   127 | D:1      | Reached skill level 2 in Armour
   130 | D:1      | Reached XP level 2. HP: 14/21 MP: 2/2
   417 | D:1      | Found a faded altar of an unknown god.
   549 | D:1      | HP: 4/22 [frozen (5)]
   551 | D:1      | Reached XP level 3. HP: 6/27 MP: 3/3
   643 | D:1      | You pick up a book of Minor Magic and begin reading...
   643 | D:1      | You add the spells Magic Dart, Blink and Call Imp to your
                  | library.
  1157 | D:2      | Reached skill level 2 in Fighting
  1360 | D:2      | Found Fozxet's Antique Armour Shoppe.
  1400 | D:2      | Reached XP level 4. HP: 33/33 MP: 4/4
  1478 | D:2      | Reached skill level 5 in Evocations
  1480 | D:2      | HP: 8/34 [frozen (4)]
  1480 | D:2      | HP: 3/34 [frozen (5)]
  1481 | D:2      | HP: 1/34 [frozen (1)]
  1597 | D:2      | Found a sacrificial altar of Ru.
  1912 | D:2      | Gained mutation: You have a beak for a mouth. [potion of
                  | mutation]
  1912 | D:2      | Gained mutation: You have hidden genetic potential. [potion
                  | of mutation]
  1912 | D:2      | Gained mutation: You are frail. (-10% HP) [potion of
                  | mutation]
  1912 | D:2      | Gained mutation: You have supernaturally acute eyesight.
                  | (SInv) [potion of mutation]
  1995 | D:2      | You pick up a book of Flames and begin reading...
  1995 | D:2      | You add the spells Inner Flame, Sticky Flame and Flame Wave
                  | to your library.
  2023 | D:2      | Identified a scroll of acquirement
  2023 | D:2      | Acquired the +0 pair of fencer's gloves {Riposte Dex+3}
  2023 | D:2      | Found the +0 pair of fencer's gloves {Riposte Dex+3}
  2109 | D:2      | You pick up a book of Displacement and begin reading...
  2109 | D:2      | You add the spells Lesser Beckoning, Gell's Gravitas and
                  | Teleport Other to your library.
  2142 | D:2      | You pick up a book of Burglary and begin reading...
  2142 | D:2      | You add the spells Ensorcelled Hibernation, Swiftness and
                  | Passwall to your library.
  2293 | D:3      | You pick up a book of Touch and begin reading...
  2293 | D:3      | You add the spells Kiss of Death, Confusing Touch and
                  | Dispel Undead to your library.
  2334 | D:3      | HP: 6/30 [orc priest/divine providence (15)]
  2414 | D:3      | Reached skill level 1 in Axes
  2414 | D:3      | Reached skill level 3 in Armour
  2414 | D:3      | Reached XP level 5. HP: 35/35 MP: 5/5
  2418 | D:3      | Gained mutation: You are covered in fur. (AC +1) [hidden
                  | potential]
  2422 | D:3      | Reached skill level 3 in Fighting
  2735 | D:3      | Noticed Ijyb
  2741 | D:3      | Killed Ijyb
  2742 | D:3      | Reached skill level 2 in Axes
  2742 | D:3      | Reached XP level 6. HP: 22/42 MP: 6/6
  2944 | D:3      | You pick up a book of Sloth and begin reading...
  2944 | D:3      | You add the spells Frozen Ramparts, Leda's Liquefaction,
                  | Petrify and Metabolic Englaciation to your library.
  3046 | D:4      | Found a staircase to the Ecumenical Temple.
  3080 | D:4      | Reached skill level 6 in Evocations
  3090 | D:4      | Gained mutation: You are partially covered in iridescent
                  | scales. (AC +2) [hidden potential]
  3090 | D:4      | Lost mutation: You have hidden genetic potential. [hidden
                  | potential expressed]
  3099 | D:4      | Found a glowing golden altar of the Shining One.
  3266 | D:4      | Reached skill level 3 in Axes
  3482 | Temple   | Entered the Ecumenical Temple
  3506 | D:5      | Entered Level 5 of the Dungeon
  3517 | D:5      | Reached skill level 7 in Evocations
  3517 | D:5      | Reached XP level 7. HP: 46/46 MP: 7/7
  3605 | D:5      | Noticed a yak
  3607 | D:5      | Noticed a yak
  3607 | D:5      | Noticed a yak
  3607 | D:5      | Noticed a yak
  3607 | D:5      | Noticed a yak
  3614 | D:5      | Killed a yak
  3614 | D:5      | Killed a yak
  3615 | D:5      | Reached skill level 4 in Axes
  3615 | D:5      | Reached skill level 8 in Evocations
  3617 | D:5      | Killed a yak
  3618 | D:5      | Reached skill level 5 in Axes
  3618 | D:5      | Reached XP level 8. HP: 36/52 MP: 8/8
  3625 | D:5      | Reached skill level 9 in Evocations
  3625 | D:5      | HP: 10/52 [yak (14)]
  3626 | D:5      | HP: 2/52 [yak (9)]
  3628 | D:5      | Killed a yak
  3634 | D:5      | HP: 12/52 [yak (3)]
  3635 | D:5      | Killed a yak
  3636 | D:5      | Reached skill level 6 in Axes
  3876 | D:5      | Reached skill level 10 in Evocations
  3881 | D:5      | Noticed Edmund
  3889 | D:5      | HP: 12/49 [Edmund/+4 flail of draining (1)]
  3892 | D:5      | HP: 4/47 [Edmund/+4 flail of draining (8)]
  3892 | D:5      | HP: 1/46 [Edmund/+4 flail of draining (3)]
  3893 | D:5      | Slain by Edmund

Vanquished Creatures
  5 yaks (D:5)
  An ogre (D:5)
  A centaur (D:5)
  3 scorpions
  2 howler monkeys
  A hound (D:4)
  An orc priest (D:3)
  Ijyb (D:3)
  2 iguanas
  2 orc wizards (D:3)
  11 adders
  2 dart slugs
  A ribbon worm (D:5)
  3 orcs (D:3)
  4 ball pythons
  9 endoplasms
  4 giant cockroaches
  6 goblins
  9 hobgoblins
  4 jackals (D:4)
  5 quokkas
  4 bats (D:2)
  7 frilled lizards
  7 kobolds
  2 rats
  A spectral kobold (D:1)
98 creatures vanquished.

Table legend:
 A = Non-vault XP
 B = Vault XP
 C = Vault XP percentage of total XP
 D = Non-vault monster count
 E = Vault monster count
 F = Vault count percentage of total count
                 A         B        C        D         E       F
            +---------+---------+-------+---------+---------+-------
      Total |    2064 |      61 |   2.9 |      91 |       7 |   7.1
            +---------+---------+-------+---------+---------+-------
        D:1 |      39 |       1 |   2.5 |      21 |       1 |   4.5
        D:2 |      90 |      22 |  19.6 |      21 |       5 |  19.2
        D:3 |     144 |      38 |  20.9 |      13 |       1 |   7.1
        D:4 |     259 |       0 |   0.0 |      20 |       0 |   0.0
        D:5 |    1532 |       0 |   0.0 |      16 |       0 |   0.0
            +---------+---------+-------+---------+---------+-------

Skill      XL: |  1  2  3  4  5  6  7  8 |
---------------+-------------------------+-----
Armour         | 2 3 |  3.0
Fighting       | 2 3 |  3.0
Evocations     | 5 7 8 10 | 10.1
Axes           | 1 2 3 5 6 |  6.6
Dodging        | |  0.8
Stealth        | |  0.7

Action                     |  1- 3 |  4- 6 |  7- 9 || total
---------------------------+-------+-------+-------++-------
  Melee: Club              |   112 |    23 |       ||   135
         Dagger            |   112 |    60 |       ||   172
         War axe           |       |    74 |    40 ||   114
         Peck              |       |    18 |    12 ||    30
         Short sword       |       |    30 |    37 ||    67
  Evoke: Wand              |       |       |     4 ||     4
    Use: Scroll            |     2 |     6 |       ||     8
         Potion            |       |     4 |     2 ||     6
   Stab: Sleeping          |       |     5 |     2 ||     7
 Armour: Leather armour    |    85 |    79 |    42 ||   206
  Dodge: Dodged            |    74 |    78 |    21 ||   173
Riposte: War axe           |       |    17 |     7 ||    24
         Dagger            |       |    12 |       ||    12
         Short sword       |       |     2 |     6 ||     8

Illustrated notes

Table legend:
 A = Kills in this place as a percentage of kills in the entire game.
 B = Kills by you in this place as a percentage of kills by you in the entire game.
 C = Kills by friends in this place as a percentage of kills by friends in the entire game.
 D = Other kills in this place as a percentage of other kills in the entire game.
 E = Experience gained in this place as a percentage of experience gained in the entire game.
 F = Experience gained in this place divided by the number of levels of this place that you have seen.
                   A       B       C       D       E      F
               +-------+-------+-------+-------+-------+----------------------
         Total | 100.0 | 100.0 |   N/A |   N/A | 100.0 | 354.2
       Dungeon | 100.0 | 100.0 |   N/A |   N/A | 100.0 | 425.0
               +-------+-------+-------+-------+-------+----------------------

Table legend: (Time is in decaauts)
 A = Elapsed time spent in this place.
 B = Non-inter-level travel time spent in this place.
 C = Inter-level travel time spent in this place.
 D = Time resting spent in this place.
 E = Time spent auto-exploring this place.
 F = Levels seen in this place.
 G = Mean time per level.
                   A        B        C        D        E       F      G
               +--------+--------+--------+--------+--------+-----+--------+
         Total |   3941 |   3666 |    275 |     51 |   2761 |   6 |  656.8 |
       Dungeon |   3939 |   3664 |    275 |     51 |   2761 |   5 |  787.8 |
        Temple |      1 |      1 |      0 |      0 |      0 |   1 |    1.0 |
               +--------+--------+--------+--------+--------+-----+--------+

Top non-repeatable levels by time:
     D:2: 1223 daAuts
     D:1: 1119 daAuts
     D:3: 747 daAuts
     D:4: 463 daAuts
     D:5: 385 daAuts
  Temple: 1 daAuts
